 Dungeon Crawl Stone Soup version 0.29.1-13-g9f3cf754e1 (webtiles) character file.

Game seed: 9481648834484002433

7 Ayven the Ruffian (level 1, 0/16 HPs)
             Began as a Draconian Transmuter on Feb 10, 2023.
             Slain by a frilled lizard (3 damage)
             ... on level 1 of the Dungeon.
             The game lasted 00:00:21 (220 turns).

Ayven the Ruffian (Draconian Transmuter)             Turns: 220, Time: 00:00:21

Health: 0/16       AC:  4    Str: 12    XL:     1   Next: 83%
Magic:  3/3        EV: 12    Int: 13    God:
Gold:   20         SH:  0    Dex: 11    Spells: 3/4 levels left

rFire   . . .      SeeInvis .     - Unarmed
rCold   . . .      Faith    .   (no shield)
rNeg    . . .      Spirit   .   (body armour unavailable)
rPois   .          Reflect  .   (helmet restricted)
rElec   .          Harm     .   (no cloak)
rCorr   .          Rampage  .   (no gloves)
Will    .....                   (no boots)
Stlth   +.........              (no amulet)
HPRegen 0.05/turn               (no ring)
MPRegen 0.08/turn               (no ring)

@: no status effects
A: AC +4, unfitting armour, cold-blooded
a: no special abilities


You were on level 1 of the Dungeon.
You visited 1 branch of the dungeon, and saw 1 of its levels.

You collected 20 gold pieces.

Inventory:

Potions
 a - a potion of lignification
 b - a potion of flight {unknown}


   Skills:
 + Level 1.1 Fighting
 + Level 1.8 Dodging
 + Level 3.3 Unarmed Combat
 + Level 2.1 Spellcasting
 + Level 2.0 Transmutations


You had 3 spell levels left.
You knew the following spells:

 Your Spells              Type           Power      Damage    Failure   Level
a - Beastly Appendage     Tmut           12%        N/A       11%         1

Your spell library contained the following spells:

 Spells                   Type           Power      Damage    Failure   Level
 Wereblood                Tmut           6%         N/A       16%         2
 Spider Form              Tmut/Pois      4%         N/A       45%         3
 Ice Form                 Ice/Tmut       4%         N/A       86%         4


Dungeon Overview and Level Annotations

Branches:
Dungeon (1/15)

Altars:


Innate Abilities, Weirdness & Mutations

Your plain brown scales are hard. (AC +4)
You cannot fit into any form of body armour.
You are cold-blooded and may be slowed by cold attacks.


Message History

The frilled lizard bites you but does no damage.
You see here a frilled lizard corpse.
The ball python hisses angrily.
The frilled lizard bites you.
The frilled lizard attacks as you move away!
The frilled lizard bites you.
* * * LOW HITPOINT WARNING * * *
The frilled lizard attacks as you move away!
The frilled lizard completely misses you.
The frilled lizard attacks as you move away!
The frilled lizard closely misses you. The ball python bites you.
* * * LOW HITPOINT WARNING * * *
The ball python barely misses you.
The frilled lizard attacks as you move away!
The frilled lizard closely misses you.
The ball python attacks as you move away!
The ball python closely misses you. The ball python barely misses you.
You see here a frilled lizard corpse.
The ball python barely misses you. The ball python grabs you.
The ball python constricts you.
You see here a frilled lizard corpse.
The ball python's grasp on you weakens, but your attempt to escape fails.
The ball python bites you but does no damage.
The ball python constricts you.
You hit the ball python.
You kill the ball python!
The frilled lizard hisses.
The frilled lizard bites you.
* * * LOW HITPOINT WARNING * * *
You hit the frilled lizard but do no damage.
Your tail-slap misses the frilled lizard.
The frilled lizard closely misses you.
The frilled lizard bites you but does no damage.
You are too injured to fight recklessly!
You barely miss the frilled lizard.
The frilled lizard closely misses you. x2
You barely miss the frilled lizard. The frilled lizard barely misses you.
The frilled lizard closely misses you.
You miss the frilled lizard.
The frilled lizard closely misses you. x2
You closely miss the frilled lizard. The frilled lizard bites you.
You die...

.............######
....#....##........#
###..#....##.#.######
....#.........#
#.......##...#
####..#....##...#
...............#
#..#.....l...#
#.†.....†l@..#
#............###..#
.........~~...# #..#
...#...~~~~~.## ..#
.......~~~~~... ..#
......~~~~~.... .##
#....#.~~~~~.#.##.#
#.......~~~..... .#


You could see 2 frilled lizards.

Vanquished Creatures
  2 hobgoblins (D:1)
  A kobold (D:1)
  A ball python (D:1)
  3 frilled lizards (D:1)
7 creatures vanquished.

Notes
Turn   | Place    | Note
-------+----------+-------------------------------------------
     0 | D:1      | Ayven the Draconian Transmuter began the quest for the Orb.
     0 | D:1      | Reached XP level 1. HP: 16/16 MP: 3/3
   112 | D:1      | Found a faded altar of an unknown god.
   220 | D:1      | Slain by a frilled lizard

Illustrated notes

Levels and vault maps discovered:
D:1:      dpeg_arrival_rooms_c, layout_basic, nicolae_ecumenical_lake_church,
          minmay_lizard_pond

Action                   || total
-------------------------++-------
Melee: Unarmed           ||    17
       Kick              ||     1
       Tailslap          ||     1
       Punch             ||     1
 Cast: Beastly Appendage ||     4
Armor: Skin              ||    10
Dodge: Dodged            ||    25
